AoeStats
← NomadQuant

Arena

509586687Analyzed
1v1 RM · 4d ago on Sep 27, 2026· 43m 19s· 2 players
Game mode
Random Map
Map size
Tiny (2 player)
Population
200
Speed
Normal
Resources
Standard
Victory
Conquest
Starting age
Dark Age
Ending age
Imperial Age
RankedLock teamsTeams togetherTeam positionsShared explorationLock speedFull tech treeHidden civsTurbo modeCheats
Victory
Defeat
🇹🇷 Cumans · Türkiye
906
+16
🇨🇳 Japanese · China
915
-42
NomadQuant
0:26 Loom
9:45 Feudal Age
10:12 Double-Bit Axe
11:07 Wheelbarrow
12:12 Horse Collar
21:11 Castle Age
19:08 Fletching
19:00 Man-at-Arms
20:00 Town Watch
20:27 Gold Mining
20:53 Arson
21:57 Padded Archer Armor
22:47 Elite Skirmisher
22:53 Long Swordsman
26:13 Bow Saw
27:01 Forging
27:20 Hand Cart
28:04 Heavy Plow
33:02 Imperial Age
31:02 Bodkin Arrow
31:18 Forging
31:34 Stone Mining
33:02 Murder Holes
33:49 Masonry
35:08 Conscription
35:34 Crop Rotation
36:20 Hoardings
37:12 Gold Shaft Mining
38:12 Leather Archer Armor
38:08 Forging
37:58 Scale Mail Armor
38:03 Scale Barding Armor
38:31 Ballistics
3/13无主之地4
10:25 Feudal Age
14:57 Double-Bit Axe
20:29 Castle Age
19:03 Stone Mining
19:06 Gold Mining
21:37 Wheelbarrow
23:26 Bow Saw
24:16 Hand Cart
27:40 Scale Mail Armor
37:01 Imperial Age
35:09 Forging
38:11 Conscription
Connection lost

Rejoining the realm…

Still unreachable

The connection could not be restored.

Session expired

The server has moved on; the page needs a fresh start.